 Dungeon Crawl Stone Soup version 0.29.1-2-gbd0b4ee654 (webtiles) character file.

Game seed: 10941304849461512299

85 Godmorgon the Trooper (level 4, -4/37 HPs)
             Began as a Formicid Abyssal Knight on Oct 27, 2022.
             Was a Priest of Lugonu.
             Slain by an iguana (10 damage)
             ... on level 4 of the Dungeon.
             The game lasted 00:13:01 (2782 turns).

Godmorgon the Trooper (Formicid Abyssal Knight)     Turns: 2782, Time: 00:13:01

Health: -4/37      AC:  6    Str: 19    XL:     4   Next: 75%
Magic:  0/6        EV:  9    Int: 10    God:    Lugonu [***...]
Gold:   143        SH:  0    Dex: 14    Spells: 3/3 levels left

rFire   . . .      SeeInvis +   a - +1 whip (venom)
rCold   . . .      Faith    .   (no shield)
rNeg    . . .      Spirit   +   n - +0 scale mail
rPois   .          Reflect  .   (helmet unavailable)
rElec   .          Harm     .   (no cloak)
rCorr   .          Rampage  .   (no gloves)
Will    .....                   (no boots)
Stlth   ..........              p - amulet of guardian spirit
HPRegen 0.12/turn               (no ring)
MPRegen 0.10/turn               (no ring)

@: mighty
A: permanent stasis, dig shafts and tunnels, antennae 3, four strong arms
a: Dig, Shaft Self, Renounce Religion, Depart the Abyss, Bend Space, Banish


You were on level 4 of the Dungeon.
You worshipped Lugonu.
Lugonu was most pleased with you.
You visited 1 branch of the dungeon, and saw 4 of its levels.
You visited the Abyss 1 time.

You collected 163 gold pieces.
You spent 20 gold pieces at shops.

Inventory:

Hand Weapons
 a - a +1 whip of venom (weapon)
 b - a +0 sling
Missiles
 g - 4 poisoned darts (quivered)
Armour
 n - a +0 scale mail (worn)
Jewellery
 p - an amulet of guardian spirit (around neck)
Scrolls
 d - a scroll of magic mapping {unknown}
 e - a scroll of teleportation {unknown}
 h - a scroll of silence {unknown}
 k - a scroll of vulnerability {unknown}
 l - a scroll of fog {unknown}
 o - a scroll of amnesia {unknown}
Potions
 c - a potion of attraction
 f - 3 potions of might
 i - 2 potions of degeneration {unknown}
 m - a potion of berserk rage {unknown}


   Skills:
 + Level 3.7 Fighting
 * Level 3.1 Maces & Flails
 * Level 2.1 Throwing
 - Level 2.1 Armour
 - Level 0.8 Dodging
 + Level 3.0 Invocations


You had 3 spell levels left.
You didn't know any spells.
Your spell library was empty.

Dungeon Overview and Level Annotations

Branches:
Dungeon (4/15)
 Temple: D:4-7

Altars:
The Shining One

Shops:
D:2 ?

Annotations:
D:3 Grinder


Innate Abilities, Weirdness & Mutations

You cannot be hasted, slowed, berserked, paralysed or teleported.
You can dig through walls and to a lower floor.
You have a pair of large antennae on your head. (SInv)
Your four strong arms can wield two-handed weapons with a shield.


Message History

You hit the ufetubus.
The ufetubus looks as sick as possible!
The ufetubus is severely wounded.
You kill the ufetubus!
Lugonu accepts your kill.
Things that are here:
a +0 club; a kobold corpse
Things that are here:
a +0 club; a kobold corpse
Found a potion of haste.
An iguana comes into view.
The iguana hisses angrily.
The iguana bites you!
You closely miss the iguana. The iguana bites you!
You hit the iguana.
The iguana is poisoned.
The iguana is moderately wounded.
The iguana bites you!
You closely miss the iguana.
The iguana is moderately wounded.
The iguana barely misses you.
You barely miss the iguana.
The iguana is heavily wounded.
The iguana completely misses you.
You closely miss the iguana.
The iguana is heavily wounded.
The iguana bites you!
* * * LOW HITPOINT WARNING * * *
Press: ? - help, v - describe, . - travel
Here: an iguana (heavily wounded, poisoned)
The floor, spattered with blood.
Unknown command.
You feel better. The iguana bites you!
* * * LOW HITPOINT WARNING * * *
Press: ? - help, v - describe, . - travel
Here: an iguana (severely wounded, poisoned)
The floor, spattered with blood.
Unknown command.
You feel very mighty all of a sudden.
The iguana hisses menacingly.
The iguana bites you!
You die...

... ... #.#
#.# #.# #.#
#l# #@# #.#
#.# ##.##
#.######
#...##
#......#
....####
######.# ...
.... #.#
#.#...
#.####.#.###.
#............
######.#.####


You could see an iguana (poisoned).

Vanquished Creatures
  A hound (D:4)
  An ufetubus (D:4)
  A dart slug (D:3)
  2 orcs (D:3)
  2 endoplasms
  3 goblins
  5 hobgoblins
  6 jackals
  A quokka (D:3)
  4 ball pythons
  2 bats (D:3)
  7 frilled lizards
  4 kobolds
  4 rats
43 creatures vanquished.

Notes
Turn   | Place    | Note
-------+----------+-------------------------------------------
     0 | Abyss:1  | Godmorgon the Formicid Abyssal Knight began the quest for
                  | the Orb.
     0 | Abyss:1  | Reached XP level 1. HP: 18/18 MP: 2/2
     1 | D:1      | Escaped the Abyss
   452 | D:1      | Found a faded altar of an unknown god.
   770 | D:2      | Reached XP level 2. HP: 15/24 MP: 3/3
   770 | D:2      | Found Qeinaun's Magic Scroll Emporium.
   884 | D:2      | Bought a scroll of identify for 20 gold pieces
  1139 | D:2      | Found a glowing golden altar of the Shining One.
  1312 | D:3      | Reached skill level 1 in Throwing
  1640 | D:3      | Reached XP level 3. HP: 21/29 MP: 4/4
  1775 | D:3      | Reached *** piety under Lugonu
  1988 | D:3      | Noticed Grinder
  2525 | D:4      | Reached XP level 4. HP: 29/37 MP: 6/6
  2782 | D:4      | Slain by an iguana

Illustrated notes

Levels and vault maps discovered:
D:1:      minmay_arrival_solitary_statue, layout_loops_ring,
          shapermc_ecumenical_altar_hornbeckon
D:2:      layout_basic, serial_shops, shop_scrolls, basic_altar
D:3:      layout_basic, uniq_grinder
D:4:      layout_loops_corners

Skill      XL: |  1  2  3 |
---------------+----------+-----
Throwing       | 1 2 |  2.1
Maces & Flails | 3 |  3.1
Invocations    | 3 |  3.0
Fighting       | |  3.7
Armour         | |  2.1
Dodging        | |  0.8

Action                   |  1- 3 |  4- 6 || total
-------------------------+-------+-------++-------
Melee: Mace              |    18 |       ||    18
       Whip              |    85 |    16 ||   101
Throw: Dart              |     6 |       ||     6
 Abil: Dig               |     1 |       ||     1
  Use: Scroll            |     5 |       ||     5
       Potion            |       |     2 ||     2
 Stab: Sleeping          |     1 |       ||     1
Armor: Leather armour    |     8 |       ||     8
       Ring mail         |     1 |       ||     1
       Scale mail        |    15 |     9 ||    24
Dodge: Dodged            |    40 |     7 ||    47
